 Dungeon Crawl Stone Soup version 0.24.0-3-g28a8eb0610 (webtiles) character file.

Game seed: 12912578094962438302, levelgen mode: deterministic

133 Froggeryz the Chopper (level 4, -4/39 HPs)
             Began as a Minotaur Berserker on Nov 1, 2019.
             Was a Priest of Trog.
             Slain by an orc
             ... wielding a +0 flail
              (9 damage)
             ... on level 3 of the Dungeon.
             The game lasted 00:01:36 (2031 turns).

Froggeryz the Chopper (Minotaur Berserker)          Turns: 2031, Time: 00:01:37

Health: -4/39      AC:  2    Str: 21    XL:     4   Next: 94%
Magic:  3/3        EV: 12    Int:  4    God:    Trog [***...]
Gold:   217        SH:  0    Dex: 11    Spells: 3/3 levels left

rFire    . . .     SeeInvis .   a - +0 hand axe
rCold    . . .     Gourm    .   (no shield)
rNeg     . . .     Faith    .   b - +0 animal skin
rPois    .         Spirit   .   (helmet restricted)
rElec    .         Reflect  .   (no cloak)
rCorr    .         Harm     .   (no gloves)
MR       .....                  (no boots)
Stlth    +.........             (no amulet)
HPRegen  0.13/turn              (no ring)
MPRegen  0.08/turn              (no ring)

@: no status effects
A: retaliatory headbutt, horns 2
a: Berserk, Trog's Hand, Renounce Religion


You were on level 3 of the Dungeon.
You worshipped Trog.
Trog was most pleased with you.
You were not hungry.

You visited 1 branch of the dungeon, and saw 3 of its levels.

You collected 217 gold pieces.

Inventory:

Hand Weapons
 a - a +0 hand axe (weapon)
Armour
 b - a +0 animal skin (worn)
Scrolls
 d - a scroll of fear {unknown}
 e - a scroll of remove curse {unknown}
 f - a scroll of blinking {unknown}
 g - a scroll of immolation {unknown}
 k - 4 scrolls of identify {unknown}
 n - 4 scrolls of amnesia {unknown}
 r - 2 scrolls of fog {unknown}
Potions
 h - a potion of agility {unknown}
 i - a potion of might {unknown}
 j - 2 potions of lignification {unknown}
 l - a potion of cancellation {unknown}
 m - a potion of mutation {unknown}
 o - a potion of brilliance {unknown}
 p - a potion of curing {unknown}
Comestibles
 c - 2 rations


   Skills:
 - Level 3.6 Fighting
 * Level 6.9 Axes
 - Level 2.4 Armour
 - Level 2.1 Dodging


You had 3 spell levels left.
You didn't know any spells.
Your spell library was empty.

Dungeon Overview and Level Annotations

Branches:
Dungeon (3/15)

Altars:
Fedhas
Hepliaklqana


Innate Abilities, Weirdness & Mutations

You reflexively headbutt those who attack you in melee.
You have a pair of horns on your head.


Message History

Trog accepts your kill.
You hit the orc but do no damage. The orc hits you with a +0 flail.
Unknown command.
You hit the orc but do no damage. Your headbutt misses the orc.
The orc hits you with a +0 flail.
You closely miss the orc. The orc hits you with a +0 flail!
You barely miss the orc. Your headbutt misses the orc.
You hit the orc but do no damage. Your headbutt misses the orc.
The orc barely misses you. You furiously retaliate!
You headbutt the orc. You hit the orc.
The orc is severely wounded.
The orc hits you with a +0 flail.
You hit the orc but do no damage.
The orc is severely wounded.
The orc hits you with a +0 flail!
* * * LOW HITPOINT WARNING * * *
You closely miss the orc.
The orc is severely wounded.
The orc hits you with a +0 flail!
You die...

########.
#..############........
#...........#...###.###
#.......# #.........# #
#....$.# ##<##....### #......#
##.....##..## #......#
#...######.#. #...)o)###..##
#... #...)@)#...## ##..
#......#...# ###. ######....##
#####... .... ##...###
#.....## #...## ##....#
#####.###.##
#.....##..#..###.....# #.##
..##.......##..##..##### #.รท.
....#.......###....########.##
..............................


You could see an orc.

Vanquished Creatures
  Jessica (D:2)
  A gnoll (D:1)
  2 adders
  2 oozes (D:1)
  2 worms (D:3)
  2 leopard geckos (D:2)
  3 orcs (D:3)
  6 bats
  3 giant cockroaches (D:1)
  6 goblins
  5 hobgoblins
  3 jackals (D:1)
  A quokka (D:3)
  A ball python (D:1)
  8 frilled lizards
  6 kobolds
  13 rats
65 creatures vanquished.

Notes
Turn   | Place    | Note
-------+----------+-------------------------------------------
     0 | D:1      | Froggeryz the Minotaur Berserker began the quest for the
                  | Orb.
     0 | D:1      | Reached XP level 1. HP: 19/19 MP: 0/0
     4 | D:1      | Reached skill level 4 in Axes
    55 | D:1      | Reached XP level 2. HP: 16/26 MP: 1/1
   493 | D:1      | Reached skill level 5 in Axes
   496 | D:1      | Reached XP level 3. HP: 31/31 MP: 2/2
   637 | D:1      | Reached ** piety under Trog
  1121 | D:2      | Found a hazy altar of Hepliaklqana.
  1437 | D:2      | Found a blossoming altar of Fedhas.
  1531 | D:2      | Reached skill level 6 in Axes
  1531 | D:2      | Reached XP level 4. HP: 38/39 MP: 3/3
  1665 | D:2      | Noticed Jessica
  1671 | D:2      | Killed Jessica
  1924 | D:3      | Reached *** piety under Trog
  2031 | D:3      | Slain by an orc

Levels and vault maps discovered:
D:1:      sevenhm_arrival_forest_fort_small_5, layout_loops_ring,
          minmay_misc_feat_cross
D:2:      layout_loops_cross, marbit_many_paths, fedhas_altar_4, uniq_jessica
D:3:      layout_rooms

Skill      XL: |  1  2  3 |
---------------+----------+-----
Axes           | 4 5 6 |  6.9
Fighting       | |  3.6
Armour         | |  2.4
Dodging        | |  2.1

Action                   |  1- 3 |  4- 6 || total
-------------------------+-------+-------++-------
Melee: Hand axe          |    75 |    52 ||   127
       Headbutt          |     8 |     4 ||    12
  Eat: Chunk             |     1 |     3 ||     4
Armor: Animal skin       |    15 |     8 ||    23
Dodge: Dodged            |    55 |    31 ||    86
